 Dungeon Crawl Stone Soup version 0.29-a0-664-gff9cad4a3d (webtiles) character file.

Game seed: 6055373292873749259

86 wilfster70 the Chopper (level 4, -8/39 HPs)
             Began as a Hill Orc Abyssal Knight on June 22, 2022.
             Was a Priest of Lugonu.
             Killed by divine providence
             ... invoked by an orc priest
              (12 damage)
             ... on level 3 of the Dungeon.
             The game lasted 00:05:07 (2112 turns).

wilfster70 the Chopper (Hill Orc Abyssal Knight)    Turns: 2112, Time: 00:05:08

Health: -8/39      AC:  7    Str: 17    XL:     4   Next: 49%
Magic:  5/6        EV: 10    Int: 10    God:    Lugonu [***...]
Gold:   184        SH:  0    Dex: 11    Spells: 3/3 levels left

rFire   . . .      SeeInvis .   a - +1 hand axe
rCold   . . .      Faith    .   (no shield)
rNeg    . . .      Spirit   .   k - +0 ring mail
rPois   .          Reflect  .   d - +1 helmet
rElec   .          Harm     .   (no cloak)
rCorr   .          Rampage  .   (no gloves)
Will    .....                   (no boots)
Stlth   +.........              (no amulet)
HPRegen 0.13/turn               (no ring)
MPRegen 0.10/turn               (no ring)

@: hasted, very quick
A: no striking features
a: Renounce Religion, Convert to Beogh, Depart the Abyss, Bend Space, Banish


You were on level 3 of the Dungeon.
You worshipped Lugonu.
Lugonu was most pleased with you.
You visited 1 branch of the dungeon, and saw 3 of its levels.
You visited the Abyss 1 time.

You collected 184 gold pieces.

Inventory:

Hand Weapons
 a - a +1 hand axe (weapon)
 b - a +0 flail
Missiles
 c - 3 poisoned darts
Armour
 d - a +1 helmet (worn)
 k - a +0 ring mail (worn)
Potions
 e - a potion of haste
 f - 2 potions of berserk rage {unknown}
 g - a potion of mutation {unknown}
 h - 3 potions of curing {unknown}
 i - a potion of brilliance {unknown}
 j - a potion of ambrosia {unknown}


   Skills:
 - Level 3.6 Fighting
 * Level 5.3 Axes
 - Level 2.1 Armour
 - Level 0.7 Dodging
 + Level 3.8 Invocations


You had 3 spell levels left.
You didn't know any spells.
Your spell library contained the following spells:

 Spells                   Type           Power      Damage    Failure   Level
 Beastly Appendage        Tmut           0%         N/A       56%         1
 Wereblood                Tmut           0%         N/A       71%         2
 Spider Form              Tmut/Pois      0%         N/A       90%         3


Dungeon Overview and Level Annotations

Branches:
Dungeon (3/15)

Altars:
Cheibriados

Shops:
D:1 =


Message History

The orc priest is moderately wounded.
The orc priest hits you with a +0 mace.
The orc priest calls upon Beogh to heal the orc priest.
The orc priest's wounds heal themselves!
The orc priest threatens, "By the altar or by the axe, you will meet Beogh!"
You hit the orc priest but do no damage.
The orc priest hits you but does no damage.
You hit the orc priest.
The orc priest is moderately wounded.
The orc priest hits you with a +0 mace.
The orc priest invokes the aid of Beogh against you.
Beogh smites you!
* * * LOW HITPOINT WARNING * * *
The orc priest shouts, "Join the one true god or die!"
You hit the orc priest.
The orc priest shouts, "Join the one true god or die!"
The orc priest is heavily wounded.
The orc priest shouts, "Beogh is our master!
Accept the truth or die!"
The orc priest barely misses you.
You barely miss the orc priest.
The orc priest is heavily wounded.
The orc priest barely misses you.
The orc priest shouts, "Join the one true god or die!"
You hit the orc priest but do no damage.
The orc priest is heavily wounded.
The orc priest hits you but does no damage.
Space bends violently around you!
You blink.
The bat barely misses you. The bat closely misses you.
The orc attacks as you move away! The orc hits you but does no damage.
You hit the orc.
The orc is heavily wounded.
The orc hits you with a +0 dagger.
* * * LOW HITPOINT WARNING * * *
You feel yourself speed up. The orc hits you with a +0 dagger.
* * * LOW HITPOINT WARNING * * *
You hit the orc but do no damage.
The orc is heavily wounded.
The orc priest calls down the wrath of Beogh upon you.
Beogh smites you!
You die...

#
.....###.###.......#†#.##†#
..>.. #.# #.#####...####.#
#)# #.# ##..# #.# . #.# #.#
#..####.# ..####o###(#
#........ ..........
........# .... ..#
###.###### ...#.##o######
#.# #......oo@...# #.#
#.#####.####..... ...# ###
#####


You could see 2 orc priests and an orc.

Vanquished Creatures
  3 adders
  2 dart slugs
  3 orcs (D:3)
  5 endoplasms
  2 giant cockroaches
  6 hobgoblins
  3 jackals (D:3)
  A quokka (D:3)
  7 ball pythons
  6 bats
  2 frilled lizards
  3 goblins
  4 kobolds
  4 rats
51 creatures vanquished.

Notes
Turn   | Place    | Note
-------+----------+-------------------------------------------
     0 | Abyss:1  | wilfster70 the Hill Orc Abyssal Knight began the quest for
                  | the Orb.
     0 | Abyss:1  | Reached XP level 1. HP: 19/19 MP: 2/2
    28 | D:1      | Escaped the Abyss
    71 | D:1      | Found a faded altar of an unknown god.
    82 | D:1      | Reached skill level 3 in Axes
   139 | D:1      | Reached XP level 2. HP: 19/26 MP: 4/4
   397 | D:1      | Found Tetep's Jewellery Boutique.
   842 | D:2      | Reached skill level 4 in Axes
   909 | D:2      | Reached XP level 3. HP: 31/31 MP: 5/5
  1552 | D:3      | Reached skill level 5 in Axes
  1552 | D:3      | Reached XP level 4. HP: 39/39 MP: 6/6
  1560 | D:3      | Reached *** piety under Lugonu
  1570 | D:3      | Found a snail-covered altar of Cheibriados.
  2112 | D:3      | Killed from afar by an orc priest

Illustrated notes

Levels and vault maps discovered:
D:1:      eino_arrival_cavern_d, layout_rooms, ebering_ecumenical_altar_mist,
          serial_shops, nicolae_lakefront_shop, hangedman_decor_clover_reticule
D:2:      layout_rooms
D:3:      layout_loops_ring, mainiacjoe_overflow_paths

Skill      XL: |  1  2  3 |
---------------+----------+-----
Axes           | 3 4 5 |  5.3
Invocations    | 3 |  3.8
Fighting       | |  3.6
Armour         | |  2.1
Dodging        | |  0.7

Action                   |  1- 3 |  4- 6 || total
-------------------------+-------+-------++-------
Melee: Hand axe          |    92 |    44 ||   136
       Punch             |     1 |       ||     1
Invok: Bend Space        |       |     1 ||     1
  Use: Scroll            |     4 |     1 ||     5
       Potion            |       |     1 ||     1
Armor: Leather armour    |    35 |       ||    35
       Ring mail         |       |    13 ||    13
Dodge: Dodged            |    58 |    18 ||    76

Table legend: (Time is in decaauts)
 A = Elapsed time spent in this place.
 B = Non-inter-level travel time spent in this place.
 C = Inter-level travel time spent in this place.
 D = Time resting spent in this place.
 E = Time spent auto-exploring this place.
 F = Levels seen in this place.
 G = Mean time per level.
                   A        B        C        D        E       F      G
               +--------+--------+--------+--------+--------+-----+--------+
         Total |   2123 |   2107 |     16 |    392 |    951 |   4 |  530.8 |
       Dungeon |   2095 |   2079 |     16 |    392 |    951 |   3 |  698.3 |
         Abyss |     28 |     28 |      0 |      0 |      0 |   1 |   28.0 |
               +--------+--------+--------+--------+--------+-----+--------+

Top non-repeatable levels by time:
     D:1: 814 daAuts
     D:2: 686 daAuts
     D:3: 594 daAuts
 Abyss:1: 28 daAuts
